LVP
HATILLO TRITONES @ LAS MARIAS AGRIADOS
07/27/1905
 
TOP OF THE 1ST
Hatillo Tritones batting - Pitching for Las Marias Agriados : RHP Édgar Martínez
Pitching: RHP Édgar Martínez
Batting: RHB Diego Barrera 0-0: Foul Ball, location: 2F
0-1: Ball
1-1: Ground out 6-3 (Groundball, 6, EV 162 KM/H)
Batting: RHB Dámaso Chamorro 0-0: Ball
1-0: Ball
2-0: Ball
3-0: Base on Balls
Batting: RHB José Castro 0-0: Called Strike
0-1: Ball
1-1: Ball
2-1: Ball
3-1: Ground out 4-3 (Groundball, 34, EV 165 KM/H)
Dámaso Chamorro to second
Batting: RHB Pablo Peña 0-0: Ball
1-0: Called Strike
1-1: Ball
2-1: Swinging Strike
2-2: Strikes out swinging
Top of the 1st over - 0 runs, 0 hits, 0 errors, 1 left on base; Hatillo 0 - Las Marias 0
BOTTOM OF THE 1ST
Las Marias Agriados batting - Pitching for Hatillo Tritones : LHP Felipe Ramírez
Pitching: LHP Felipe Ramírez
Batting: SHB Gilberto Contreras 0-0: Called Strike
0-1: Ball
1-1: Foul Ball, location: 5F
1-2: Foul Ball, location: 2F
1-2: Ball
2-2: Ball
3-2: Fly out, F2 (Popup, 23F, EV 134 KM/H)
Batting: LHB Gabriel Fievet 0-0: Swinging Strike
0-1: Ball
1-1: Foul Ball, location: 5F
1-2: Fly out, F9 (Flyball, 9D, EV 171 KM/H)
Batting: LHB Eduardo Flores 0-0: SINGLE (Line Drive, 8RS, EV 171 KM/H)
Batting: RHB Nicanor Ramírez 0-0: Ball
1-0: Foul Ball, location: 9LMFF
1-1: Called Strike
1-2: Ball
Eduardo Flores steals 2nd base
2-2: Foul Ball, location: 2F
2-2: Foul Ball, location: 25F
2-2: Foul Ball, location: 7LDF
2-2: Strikes out swinging
Bottom of the 1st over - 0 runs, 1 hit, 0 errors, 1 left on base; Hatillo 0 - Las Marias 0
TOP OF THE 2ND
Hatillo Tritones batting - Pitching for Las Marias Agriados : RHP Édgar Martínez
Batting: LHB Cicerón Puente 0-0: Swinging Strike
0-1: Foul Ball, location: 7LSF
0-2: Strikes out swinging
Batting: RHB Eduardo Ramos 0-0: Ball
1-0: Called Strike
1-1: Foul Ball, location: 25F
1-2: Foul Ball, location: 2F
1-2: Ball
2-2: Strikes out looking
Batting: RHB Modesto Rosario 0-0: Called Strike
0-1: Foul Ball, location: 25F
0-2: Ball
1-2: Ground out U3 (Groundball, 34S, EV 144 KM/H)
Top of the 2nd over - 0 runs, 0 hits, 0 errors, 0 left on base; Hatillo 0 - Las Marias 0
BOTTOM OF THE 2ND
Las Marias Agriados batting - Pitching for Hatillo Tritones : LHP Felipe Ramírez
Batting: LHB Rubén Garza 0-0: Called Strike
0-1: Ball
1-1: Foul Ball, location: 5F
1-2: Ball
2-2: Foul Ball, location: 2F
2-2: Ball
3-2: Base on Balls
Batting: SHB Víctor Silva 0-0: Foul Ball, location: 2F
0-1: Ball
1-1: Foul Ball, location: 2F
1-2: Strikes out swinging
Batting: RHB Robert Crawford 0-0: Fly out, F9 (Flyball, 9D, EV 148 KM/H)
Batting: LHB Eduino Roldán 0-0: Ball
1-0: Ball
2-0: Called Strike
2-1: Ball
3-1: Base on Balls
Rubén Garza to second
Batting: RHB Séptimo Barrera 0-0: Called Strike
0-1: Ball
1-1: Ground out 4-3 (Groundball, 34D, EV 167 KM/H)
Bottom of the 2nd over - 0 runs, 0 hits, 0 errors, 2 left on base; Hatillo 0 - Las Marias 0
TOP OF THE 3RD
Hatillo Tritones batting - Pitching for Las Marias Agriados : RHP Édgar Martínez
Batting: RHB Emilio Rodríguez 0-0: Ball
1-0: Foul Ball, location: 2F
1-1: Ball
2-1: Foul Ball, location: 3SF
2-2: Ball
3-2: Foul Ball, location: 2F
3-2: Foul Ball, location: 25F
3-2: Strikes out swinging
Batting: RHB Ambiórix Rivera 0-0: Ball
1-0: Swinging Strike
1-1: Ball
2-1: Called Strike
2-2: Strikes out swinging
Batting: RHB Diego Barrera 0-0: Ball
1-0: Ball
2-0: Ball
3-0: Called Strike
3-1: Called Strike
3-2: Base on Balls
Batting: RHB Dámaso Chamorro 0-0: Called Strike
Diego Barrera steals 2nd base
0-1: Ground out 5-3 (Groundball, 5S, EV 145 KM/H)
Top of the 3rd over - 0 runs, 0 hits, 0 errors, 1 left on base; Hatillo 0 - Las Marias 0
BOTTOM OF THE 3RD
Las Marias Agriados batting - Pitching for Hatillo Tritones : LHP Felipe Ramírez
Batting: SHB Gilberto Contreras 0-0: Ball
1-0: Foul Ball, location: 7LSF
1-1: Ball
2-1: Fly out, F8 (Flyball, 8RXD, EV 172 KM/H)
Batting: LHB Gabriel Fievet 0-0: Called Strike
0-1: Ball
1-1: Foul Ball, location: 3FF
1-2: Fly out, F9 (Flyball, 9D, EV 147 KM/H)
Batting: LHB Eduardo Flores 0-0: Called Strike
0-1: Foul Ball, location: 2F
0-2: Ball
1-2: Fly out, F8 (Flyball, 89M, EV 157 KM/H)
Bottom of the 3rd over - 0 runs, 0 hits, 0 errors, 0 left on base; Hatillo 0 - Las Marias 0
TOP OF THE 4TH
Hatillo Tritones batting - Pitching for Las Marias Agriados : RHP Édgar Martínez
Batting: RHB José Castro 0-0: Ball
1-0: Ball
2-0: Ball
3-0: Foul Ball, location: 3SF
3-1: Foul Ball, location: 23F
3-2: Base on Balls
Batting: RHB Pablo Peña 0-0: Ball
1-0: Ball
2-0: Ball
3-0: Called Strike
3-1: Foul Ball, location: 23FF
3-2: Fly out, F9 (Flyball, 9, EV 140 KM/H)
Batting: LHB Cicerón Puente 0-0: Called Strike
0-1: Ball
1-1: Ball
2-1: Ball
3-1: Base on Balls
José Castro to second
Batting: RHB Eduardo Ramos 0-0: Called Strike
0-1: Ball
1-1: Foul Ball, location: 2F
1-2: Ball
2-2: Foul Ball, location: 2F
2-2: Fly out, F9 (Flyball, 89D, EV 148 KM/H)
Batting: RHB Modesto Rosario 0-0: Ground out 4-3 (Groundball, 4D, EV 158 KM/H)
Top of the 4th over - 0 runs, 0 hits, 0 errors, 2 left on base; Hatillo 0 - Las Marias 0
BOTTOM OF THE 4TH
Las Marias Agriados batting - Pitching for Hatillo Tritones : LHP Felipe Ramírez
Batting: RHB Nicanor Ramírez 0-0: Ball
1-0: Called Strike
1-1: Ball
2-1: Called Strike
2-2: Strikes out swinging
Batting: LHB Rubén Garza 0-0: Ball
1-0: Called Strike
1-1: Called Strike
1-2: Ground out 6-3 (Groundball, 6, EV 165 KM/H)
Batting: SHB Víctor Silva 0-0: Ball
1-0: Ball
2-0: Reached on error, E3 (Groundball, 34, EV 120 KM/H)
Batting: RHB Robert Crawford 0-0: Called Strike
0-1: Ball
1-1: Ball
2-1: Ball
3-1: Called Strike
3-2: Ground out 4-3 (Groundball, 34, EV 154 KM/H)
Bottom of the 4th over - 0 runs, 0 hits, 1 error, 1 left on base; Hatillo 0 - Las Marias 0
TOP OF THE 5TH
Hatillo Tritones batting - Pitching for Las Marias Agriados : RHP Édgar Martínez
Batting: RHB Emilio Rodríguez 0-0: Called Strike
0-1: Ball
1-1: Ball
2-1: Swinging Strike
2-2: Foul Ball, location: 5DF
2-2: Ball
3-2: Foul Ball, location: 2F
3-2: Strikes out swinging
Batting: RHB Ambiórix Rivera 0-0: Ball
1-0: Foul Ball, location: 25F
1-1: Ground out 6-3 (Groundball, 6, EV 134 KM/H)
Batting: RHB Diego Barrera 0-0: Foul Ball, location: 25FF
0-1: Called Strike
0-2: Fly out, F7 (Flyball, 7D, EV 172 KM/H)
Top of the 5th over - 0 runs, 0 hits, 0 errors, 0 left on base; Hatillo 0 - Las Marias 0
BOTTOM OF THE 5TH
Las Marias Agriados batting - Pitching for Hatillo Tritones : LHP Felipe Ramírez
Batting: LHB Eduino Roldán 0-0: Swinging Strike
0-1: Foul Ball, location: 2F
0-2: Ball
1-2: Strikes out swinging
Batting: RHB Séptimo Barrera 0-0: Ball
1-0: Ball
2-0: Swinging Strike
2-1: Foul Ball, location: 2F
2-2: Ball
3-2: Strikes out swinging
Batting: SHB Gilberto Contreras 0-0: Called Strike
0-1: Ball
1-1: Fly out, F7 (Flyball, 78M, EV 156 KM/H)
Bottom of the 5th over - 0 runs, 0 hits, 0 errors, 0 left on base; Hatillo 0 - Las Marias 0
TOP OF THE 6TH
Hatillo Tritones batting - Pitching for Las Marias Agriados : RHP Édgar Martínez
Batting: RHB Dámaso Chamorro 0-0: Ball
1-0: Ball
2-0: Foul Ball, location: 9LSF
2-1: Ground out 1-3 (Groundball, 25, EV 123 KM/H)
Batting: RHB José Castro 0-0: Swinging Strike
0-1: Ball
1-1: Fly out, F6 (Popup, P, EV 135 KM/H)
Batting: RHB Pablo Peña 0-0: SINGLE (Groundball, 56D, EV 166 KM/H)
Batting: LHB Cicerón Puente 0-0: SINGLE (Line Drive, 3D, EV 178 KM/H)
Pablo Peña to second
Pinch Runner at 2nd Mateo Zepeda:
Batting: RHB Eduardo Ramos 0-0: Ball
1-0: Swinging Strike
1-1: Foul Ball, location: 2F
1-2: Ball
2-2: Ball
3-2: SINGLE (Line Drive, 8RS, EV 166 KM/H)
Mateo Zepeda to third
Cicerón Puente to second
Mateo Zepeda scores
Cicerón Puente to third
Batting: RHB Modesto Rosario 0-0: Swinging Strike
0-1: Ball
1-1: Swinging Strike
1-2: Ball
2-2: Ball
3-2: DOUBLE (Line Drive, 7LM, EV 168 KM/H)
Cicerón Puente scores
Eduardo Ramos to third
Eduardo Ramos scores
Batting: RHB Emilio Rodríguez 0-0: Ball
1-0: Ball
2-0: Called Strike
2-1: Swinging Strike
2-2: Ball
3-2: Base on Balls
Batting: RHB Ambiórix Rivera 0-0: SINGLE (Line Drive, 8LS, EV 153 KM/H)
Modesto Rosario to third
Emilio Rodríguez to second
Runner from 3rd tries for Home, SAFE, throw by CF to home
Emilio Rodríguez to third
Ambiórix Rivera to second
Batting: RHB Diego Barrera 0-0: Ball
1-0: Ball
2-0: Ball
3-0: Called Strike
3-1: Swinging Strike
3-2: Foul Ball, location: 3DF
3-2: Strikes out swinging
Top of the 6th over - 4 runs, 5 hits, 0 errors, 2 left on base; Hatillo 4 - Las Marias 0
BOTTOM OF THE 6TH
Las Marias Agriados batting - Pitching for Hatillo Tritones : LHP Felipe Ramírez
Now at 3B: Cameron Todd
Batting: LHB Gabriel Fievet 0-0: Ball
1-0: Swinging Strike
1-1: Fly out, F6 (Popup, 6, EV 114 KM/H)
Batting: LHB Eduardo Flores 0-0: Called Strike
0-1: Ball
1-1: Called Strike
1-2: Foul Ball, location: 2F
1-2: Ball
2-2: Ground out 6-3 (Groundball, 6, EV 135 KM/H)
Batting: RHB Nicanor Ramírez 0-0: Ball
1-0: Ball
2-0: Called Strike
2-1: Called Strike
2-2: Foul Ball, location: 3FF
2-2: Foul Ball, location: 2F
2-2: Fly out, F7 (Flyball, 7D, EV 157 KM/H)
Bottom of the 6th over - 0 runs, 0 hits, 0 errors, 0 left on base; Hatillo 4 - Las Marias 0
TOP OF THE 7TH
Hatillo Tritones batting - Pitching for Las Marias Agriados : RHP Édgar Martínez
Batting: RHB Dámaso Chamorro 0-0: Ball
1-0: SOLO HOME RUN (Flyball, 78XD, EV 158 KM/H), Distance : 120 mt
Batting: RHB José Castro 0-0: Called Strike
0-1: Foul Ball, location: 9LDF
0-2: Ball
1-2: Ball
2-2: Ball
3-2: Ground out 6-3 (Groundball, 6, EV 166 KM/H)
Batting: RHB Cameron Todd 0-0: Called Strike
0-1: Called Strike
0-2: Ball
1-2: SINGLE (Groundball, 4MD, EV 157 KM/H)
Batting: LHB Cicerón Puente 0-0: Fielders Choice at 2nd, 5-4 (Groundball, 56, EV 165 KM/H)
Batting: RHB Eduardo Ramos 0-0: Ball
1-0: Foul Ball, location: 5SF
1-1: Foul Ball, location: 2F
1-2: Foul Ball, location: 9LDF
1-2: Ball
2-2: Ball
3-2: Foul Ball, location: 2F
3-2: SINGLE (Line Drive, 8RS, EV 152 KM/H)
Cicerón Puente to second
Cicerón Puente to third
Batting: RHB Modesto Rosario 0-0: Ball
1-0: Foul Ball, location: 2F
1-1: Called Strike
1-2: Strikes out swinging
Top of the 7th over - 1 run, 3 hits, 0 errors, 2 left on base; Hatillo 5 - Las Marias 0
BOTTOM OF THE 7TH
Las Marias Agriados batting - Pitching for Hatillo Tritones : LHP Felipe Ramírez
Batting: LHB Rubén Garza 0-0: Ball
1-0: Ball
2-0: Called Strike
2-1: Ball
3-1: Base on Balls
Batting: SHB Víctor Silva 0-0: Ball
1-0: Ball
2-0: Called Strike
2-1: Swinging Strike
2-2: Fielders Choice at 2nd, 5-4 (Groundball, 56S, EV 134 KM/H)
Batting: RHB Robert Crawford 0-0: Grounds into double play, 6-4-3 (Groundball, 6, EV 135 KM/H)
Bottom of the 7th over - 0 runs, 0 hits, 0 errors, 0 left on base; Hatillo 5 - Las Marias 0
TOP OF THE 8TH
Hatillo Tritones batting - Pitching for Las Marias Agriados : RHP Édgar Martínez
Pitching: RHP Diego Monarrez
Pinch Hitting: RHB Ismael López 0-0: Called Strike
0-1: Ball
1-1: Ball
2-1: Ball
3-1: Base on Balls
Batting: RHB Ambiórix Rivera 0-0: Foul Ball, location: 2RF
0-1: Ball
1-1: Swinging Strike
1-2: Ball
2-2: Strikes out swinging
Batting: RHB Diego Barrera 0-0: Ball
Ismael López steals 2nd base
1-0: Swinging Strike
1-1: Ground out 6-3 (Groundball, 56, EV 139 KM/H)
Batting: RHB Dámaso Chamorro 0-0: Ball
1-0: Swinging Strike
1-1: Ball
2-1: Ball
3-1: Base on Balls
Batting: RHB José Castro 0-0: Ball
1-0: Called Strike
1-1: Fly out, F5 (Line Drive, 5L, EV 111 KM/H)
Top of the 8th over - 0 runs, 0 hits, 0 errors, 2 left on base; Hatillo 5 - Las Marias 0
BOTTOM OF THE 8TH
Las Marias Agriados batting - Pitching for Hatillo Tritones : LHP Felipe Ramírez
Now in CF: Marco Hernández
Pinch Hitting: RHB Remigio Gutiérrez 0-0: Ground out 5-3 (Groundball, 56S, EV 127 KM/H)
Pinch Hitting: LHB Gabriel Martín 0-0: Called Strike
0-1: Ball
1-1: Ball
2-1: Swinging Strike
2-2: Strikes out swinging
Batting: SHB Gilberto Contreras 0-0: Called Strike
0-1: Called Strike
0-2: Foul Ball, location: 2F
0-2: Foul Ball, location: 2F
0-2: Ball
1-2: Foul Ball, location: 2RF
1-2: Fly out, F8 (Flyball, 8RM, EV 153 KM/H)
Bottom of the 8th over - 0 runs, 0 hits, 0 errors, 0 left on base; Hatillo 5 - Las Marias 0
TOP OF THE 9TH
Hatillo Tritones batting - Pitching for Las Marias Agriados : RHP Diego Monarrez
Now at 1B: Gabriel Martín
Now at SS: Remigio Gutiérrez
Batting: RHB Cameron Todd 0-0: Ball
1-0: Called Strike
1-1: Ball
2-1: Fly out, F7 (Flyball, 7LS, EV 148 KM/H)
Batting: LHB Cicerón Puente 0-0: Ball
1-0: Fly out, F8 (Flyball, 8RM, EV 144 KM/H)
Batting: RHB Eduardo Ramos 0-0: Called Strike
0-1: Called Strike
0-2: Ball
1-2: Ball
2-2: SINGLE (Groundball, 34D, EV 157 KM/H)
Batting: RHB Modesto Rosario 0-0: Ball
1-0: Ball
Eduardo Ramos steals 2nd base
2-0: Called Strike
2-1: Ball
3-1: Base on Balls
Batting: RHB Marco Hernández 0-0: Called Strike
0-1: Fly out, F6 (Line Drive, 6M, EV 104 KM/H)
Top of the 9th over - 0 runs, 1 hit, 0 errors, 2 left on base; Hatillo 5 - Las Marias 0
BOTTOM OF THE 9TH
Las Marias Agriados batting - Pitching for Hatillo Tritones : LHP Felipe Ramírez
Pinch Hitting: RHB Manuel Espino 0-0: Swinging Strike
0-1: Foul Ball, location: 7LMF
0-2: Ball
1-2: Foul Ball, location: 2F
1-2: Ball
2-2: Foul Ball, location: 9LMF
2-2: Ball
3-2: Foul Ball, location: 3SF
3-2: Ground out 4-3 (Groundball, 4, EV 132 KM/H)
Batting: LHB Eduardo Flores 0-0: SINGLE (Line Drive, 34D, EV 160 KM/H)
Batting: RHB Nicanor Ramírez 0-0: Ball
1-0: Swinging Strike
1-1: Fly out, F8 (Line Drive, 8RS, EV 144 KM/H)
Batting: LHB Rubén Garza 0-0: Called Strike
0-1: Foul Ball, location: 7LMF
0-2: Foul Ball, location: 2F
0-2: Ground out 4-3 (Groundball, 4, EV 132 KM/H)
Bottom of the 9th over - 0 runs, 1 hit, 0 errors, 1 left on base; Hatillo 5 - Las Marias 0
Monday, January 20th , 2025 - OOTP Baseball 25.11 Build 100